 Dungeon Crawl Stone Soup version 0.23.2-33-g5129a83184 (webtiles) character file.

Game seed: 14261766925645602943

93 t4s4d4r the Magician (level 4, -4/30 HPs)
             Began as a Mummy Ice Elementalist on July 22, 2019.
             Killed from afar by Ijyb (10 damage)
             ... with a wand of flame (8)
             ... on level 3 of the Dungeon.
             The game lasted 00:02:53 (1902 turns).

t4s4d4r the Magician (Mummy Ice Elementalist)       Turns: 1902, Time: 00:02:54

Health: -4/30      AC:  3    Str: 11    XL:     4   Next: 36%
Magic:  11/11      EV: 11    Int: 15    God:
Gold:   105        SH:  0    Dex: 12    Spells: 2/14 levels left

rFire    x . .     SeeInvis .   k - +1 trident
rCold    + . .     Gourm    .   (no shield)
rNeg     + + +     Faith    .   d - +0 leather armour
rPois    ∞         Spirit   .   (no helmet)
rElec    .         Reflect  .   (no cloak)
rCorr    .         Harm     .   (no gloves)
MR       .....                  (no boots)
Stlth    +.........             (no amulet)
HPRegen  0.10/turn              (no ring)
MPRegen  0.12/turn              (no ring)

@: no status effects
A: no food or potions, fire vulnerability, cold resistance 1, negative energy
resistance 3, torment resistance, unbreathing
a: no special abilities


You were on level 3 of the Dungeon.
You were not hungry.

You visited 1 branch of the dungeon, and saw 3 of its levels.

You collected 105 gold pieces.

Inventory:

Hand Weapons
 k - a +1 trident (weapon)
Missiles
 a - 37 stones (quivered)
Armour
 d - a +0 leather armour (worn)
Wands
 j - a wand of flame (20)
Scrolls
 b - 2 scrolls of identify
 c - 3 scrolls of enchant weapon
 e - 3 scrolls of teleportation
 g - 2 scrolls of remove curse
 h - 2 scrolls of amnesia


   Skills:
 - Level 1.5 Dodging
 - Level 1.5 Stealth
 - Level 5.7 Spellcasting
 - Level 0.7 Conjurations
 + Level 2.4 Ice Magic


You had 2 spell levels left.
You knew the following spells:

 Your Spells              Type           Power        Failure   Level  Hunger
a - Freeze                Ice            ##..         8%          1    N/A
b - Ozocubu's Armour      Chrm/Ice       #.......     34%         3    N/A
c - Summon Ice Beast      Ice/Summ       #.......     75%         4    N/A
d - Throw Icicle          Conj/Ice       #.......     71%         4    N/A

Your spell library contained the following spells:

 Spells                   Type           Power        Failure   Level  Hunger
 Throw Frost              Conj/Ice       #.....       16%         2    N/A

Dungeon Overview and Level Annotations

Branches:
Dungeon (3/15)

Altars:
Cheibriados
Sif Muna
Trog
Yredelemnul

Annotations:
D:3 Ijyb


Innate Abilities, Weirdness & Mutations

You do not eat or drink.
Your flesh is vulnerable to fire.
You are immune to poison.
Your flesh is cold resistant. (rC+)
You are immune to negative energy. (rN+++)
You are immune to unholy pain and torment.
You can survive without breathing.


Message History

You reach to attack!
You hit the hobgoblin but do no damage. You puncture the hobgoblin!
You kill the hobgoblin!
No target in view!
No target in view!
Things that are here:
a +0 club x2; a kobold corpse You can't eat.
You now have 105 gold pieces (gained 11).
h - 2 scrolls of amnesia (gained 1)
Found a stone staircase leading down.
Ijyb the Twisted Goblin comes into view.
She is wielding a +6 club and carrying a wand of flame (10).
Ijyb shouts!
Ijyb zaps a wand.
The puff of flame hits you! The fire burns you terribly!
Found a white potion and a club.
Ijyb is nearby!
Ijyb zaps a wand.
The puff of flame hits you! The fire burns you terribly!
* * * LOW HITPOINT WARNING * * *
Ijyb zaps a wand.
The puff of flame hits you! The fire burns you terribly!
You die...

### #<#
#.######
####.%..@.##
#..........#
#.###.).##.####
#. ##..##....#
##..#....##
...#...g.##
..##......#
..###....#.# .#
#.....#.##


You could see Ijyb.

Vanquished Creatures
  Jessica (D:2)
  2 adders (D:2)
  A worm (D:2)
  2 dart slugs (D:1)
  3 leopard geckos
  3 bats
  2 giant cockroaches
  5 goblins
  5 hobgoblins
  8 kobolds
  A ball python (D:2)
  3 frilled lizards (D:2)
  2 rats (D:2)
38 creatures vanquished.

Notes
Turn   | Place    | Note
-------+----------+-------------------------------------------
     0 | D:1      | t4s4d4r the Mummy Ice Elementalist began the quest for the
                  | Orb.
     0 | D:1      | Reached XP level 1. HP: 13/13 MP: 4/4
    55 | D:1      | Reached skill level 3 in Spellcasting
   336 | D:1      | Reached XP level 2. HP: 15/19 MP: 1/6
   592 | D:1      | Reached skill level 4 in Spellcasting
   900 | D:2      | Noticed Jessica
   917 | D:2      | Killed Jessica
   917 | D:2      | Reached skill level 5 in Spellcasting
   917 | D:2      | Reached XP level 3. HP: 16/24 MP: 5/9
  1101 | D:2      | Found a bloodstained altar of Trog.
  1131 | D:2      | Found a snail-covered altar of Cheibriados.
  1150 | D:2      | Found a deep blue altar of Sif Muna.
  1174 | D:2      | Reached XP level 4. HP: 30/30 MP: 6/11
  1259 | D:2      | Found a basalt altar of Yredelemnul.
  1852 | D:2      | Learned a level 3 spell: Ozocubu's Armour
  1857 | D:2      | Learned a level 4 spell: Summon Ice Beast
  1862 | D:2      | Learned a level 4 spell: Throw Icicle
  1889 | D:3      | Noticed Ijyb
  1902 | D:3      | Killed from afar by Ijyb

Skill      XL: |  1  2 |
---------------+-------+-----
Spellcasting   | 3 5 |  5.7
Dodging        | |  1.5
Stealth        | |  1.5
Conjurations   | |  0.7
Ice Magic      | |  2.4

Action                   |  1- 3 |  4- 6 || total
-------------------------+-------+-------++-------
Melee: Unarmed           |     1 |       ||     1
       Spear             |    15 |     6 ||    21
       Trident           |       |    14 ||    14
 Cast: Freeze            |    36 |    13 ||    49
  Use: Scroll            |       |     5 ||     5
 Stab: Sleeping          |     1 |     2 ||     3
Armor: Robe              |     1 |       ||     1
       Leather armour    |    12 |     1 ||    13
Dodge: Dodged            |    26 |    12 ||    38
